 Dungeon Crawl Stone Soup version 0.18.1-48-g4cf74bf (webtiles) character file.

50 Drak the Conjurer (level 3, -2/21 HPs)
             Began as an Octopode Conjurer on Sept 7, 2016.
             Slain by Badman's ghost (11 damage)
             ... on level 3 of the Dungeon.
             The game lasted 00:04:51 (1802 turns).

Drak the Conjurer (Octopode Conjurer)               Turns: 1802, Time: 00:04:51

Health: -2/21      AC:  1    Str:  7    XL:     3   Next: 79%
Magic:  4/8        EV:  7    Int: 18    God:
Gold:   57         SH:  0    Dex: 12    Spells: 2 memorised, 6 levels left

rFire  . . .     SeeInvis .     (no weapon)
rCold  . . .     Gourm    .     (no shield)
rNeg   . . .     Faith    .     (helmet restricted)
rPois  .         Spirit   .     (no amulet)
rElec  .         Dismiss  .     (no ring)
rCorr  .         Reflect  .     (no ring)
SustAt .         Harm     .     (no ring)
MR     .....                    (no ring)
Stlth  +++.......               (no ring)
                                (no ring)
                                (no ring)
                                (no ring)

@: not resistant to hostile enchantments, fairly stealthy
A: almost no armour, amphibious, 8 rings, constrict 8, camouflage 1, gelatinous
body 1
a: no special abilities


You were on level 3 of the Dungeon.
You were not hungry.

You visited 1 branch of the dungeon, and saw 3 of its levels.

You collected 57 gold pieces.

Inventory:

Hand Weapons
 i - a +0 dagger of electrocution
Jewellery
 m - a cursed -2 ring of intelligence {unknown}
Potions
 d - a potion of agility {unknown}
 e - a potion of brilliance {unknown}
 f - a potion of invisibility {unknown}
 g - a potion of curing {unknown}
 k - a potion of flight {unknown}
Books
 a - a book of Conjurations

   Spells                             Type                      Level
   a - Magic Dart                     Conjuration                  1
   b - Searing Ray                    Conjuration                  2
   c - Dazzling Spray                 Conjuration/Hexes            3
   d - Fulminant Prism                Conjuration/Hexes            4
   e - Iskenderun's Mystic Blast      Conjuration                  4
   f - Iskenderun's Battlesphere      Conjuration/Charms           5
Comestibles
 b - 3 bread rations
 c - a meat ration
 h - a chunk of flesh


   Skills:
 - Level 2.0 Dodging
 - Level 2.6 Stealth
 + Level 3.5 Spellcasting
 - Level 4.1 Conjurations


You had 6 spell levels left.
You knew the following spells:

 Your Spells              Type           Power        Failure   Level  Hunger
a - Magic Dart            Conj           ###.         2%          1    None
b - Searing Ray           Conj           ###...       4%          2    ##.....


Dungeon Overview and Level Annotations

Branches:
Dungeon (3/15)

Altars:
Fedhas

Annotations:
D:3 Badman's ghost, weakling DsGl


Innate Abilities, Weirdness & Mutations

You cannot wear most types of armour.
You are amphibious.
You can wear up to eight rings at the same time.
You can use your tentacles to constrict eight enemies at once.
Your skin changes colour to match your surroundings (Stealth).
Your rubbery body absorbs attacks (AC +1).


Message History

Aiming: Searing Ray
Press: ? - help, Shift-Dir - straight line, f - Badman's ghost
Aim: Badman's ghost (hasn't noticed you)
The searing ray hits Badman's ghost.
Badman's ghost is lightly damaged.
Badman's ghost turns its malevolent gaze towards you.
The searing ray hits Badman's ghost.
Badman's ghost is moderately damaged.
The searing ray misses Badman's ghost.
Badman's ghost hits you.
Casting: Searing Ray
Confirm with . or Enter, or press ? or * to list all spells.
Okay, then.
You miss Badman's ghost.
Badman's ghost is moderately damaged.
Badman's ghost hits you!
Ouch! That really hurt!
There is a stone staircase leading down here.
Badman's ghost hits you!
Ouch! That really hurt!
You die...

#### ###########
#$.. ###(..........
#....#...@.........
#....#.#W......#...
#..................
####.#.#.#.#.....#
#.#.....#....# #
#<.........#
###.#.#.#..#
#.#.#.#.....
......# #


You could see Badman's ghost.

Vanquished Creatures
  2 worms (D:2)
  2 dart slugs
  8 bats
  A giant cockroach (D:2)
  9 goblins
  3 hobgoblins (D:2)
  3 jackals (D:2)
  4 kobolds (D:1)
  A giant newt (D:1)
  5 rats
38 creatures vanquished.

Notes
Turn   | Place    | Note
--------------------------------------------------------------
     0 | D:1      | Drak the Octopode Conjurer began the quest for the Orb.
     0 | D:1      | Reached XP level 1. HP: 11/11 MP: 3/3
   188 | D:1      | Reached XP level 2. HP: 14/17 MP: 5/5
   199 | D:1      | Learned a level 2 spell: Searing Ray
   854 | D:2      | Reached XP level 3. HP: 21/21 MP: 7/7
   914 | D:2      | Found a blossoming altar of Fedhas.
  1793 | D:3      | Noticed Badman's ghost (weakling DsGl)
  1802 | D:3      | Slain by Badman's ghost

Skill      XL: |  1  2 |
---------------+-------+-----
Spellcasting   | 3 |  3.5
Dodging        | |  2.0
Stealth        | |  2.6
Conjurations   | |  4.1

Action                   || total
-------------------------++-------
Melee: Unarmed           ||    65
       Constrict         ||    20
       Tentacles         ||    12
 Cast: Magic Dart        ||    16
       Searing Ray       ||     5
  Use: Scroll            ||     2
 Stab: Sleeping          ||    11
  Eat: Chunk             ||     3
Armor: Skin              ||     8
Dodge: Dodged            ||    31
